 Dungeon Crawl Stone Soup version 0.27.1-34-g3ba077fa99 (webtiles) character file.

Game seed: 17658047848157511094

184 Delamore the Covert (level 5, -3/34 HPs)
             Began as an Octopode Brigand on Feb 4, 2022.
             Slain by an orc warrior (16 damage)
             ... on level 3 of the Dungeon.
             The game lasted 00:02:52 (3276 turns).

Delamore the Covert (Octopode Brigand)              Turns: 3276, Time: 00:02:52

Health: -3/34      AC:  1    Str: 11    XL:     5   Next: 63%
Magic:  5/5        EV: 12    Int: 13    God:
Gold:   111        SH:  0    Dex: 14    Spells: 4/4 levels left

rFire    . . .     SeeInvis .   l - +0 dagger (vamp)
rCold    . . .     Faith    .   (no shield)
rNeg     . . .     Spirit   .   (helmet restricted)
rPois    .         Reflect  .   d - amulet of magic regeneration
rElec    .         Harm     .   (no ring)
rCorr    .         Rampage  .   (no ring)
Will     .....                  (no ring)
Stlth    +++++.....             (no ring)
HPRegen  0.11/turn              (no ring)
MPRegen  0.34/turn              (no ring)
                                (no ring)
                                (no ring)

@: no status effects
A: almost no armour, amphibious, 8 rings, camouflage 1, gelatinous body 1,
(nimble swimmer 1), tentacles
a: no special abilities


You were on level 3 of the Dungeon.
You visited 1 branch of the dungeon, and saw 3 of its levels.

You collected 111 gold pieces.

Inventory:

Hand Weapons
 a - a +2 dagger
 l - a +0 vampiric dagger (weapon)
Missiles
 b - 14 poisoned darts (quivered)
Jewellery
 d - an amulet of magic regeneration (around mantle)
 e - a ring of fire
 h - a +4 ring of protection
Scrolls
 k - a scroll of enchant weapon {unknown}
Potions
 f - a potion of resistance {unknown}
 g - a potion of attraction {unknown}
 i - 2 potions of heal wounds {unknown}
 j - 2 potions of invisibility {unknown}


   Skills:
 - Level 2.0 Fighting
 + Level 2.8 Short Blades
 - Level 2.0 Throwing
 - Level 1.0 Dodging
 * Level 8.9 Stealth


You had 4 spell levels left.
You didn't know any spells.
Your spell library contained the following spells:

 Spells                   Type           Power      Damage    Failure   Level
 Summon Small Mammal      Summ           0%         N/A       30%         1
 Sublimation of Blood     Necr           0%         N/A       43%         2
 Call Canine Familiar     Summ           0%         N/A       67%         3
 Summon Guardian Golem    Hex/Summ       0%         N/A       67%         3
 Petrify                  Tmut/Erth      0%         N/A       97%         4
 Irradiate                Conj/Tmut      0%         3d13      100%        5


Dungeon Overview and Level Annotations

Branches:
Dungeon (3/15)

Altars:


Innate Abilities, Weirdness & Mutations

You cannot wear most types of armour.
You are amphibious.
You can wear up to eight rings at the same time.
Your skin changes colour to match your surroundings (Stealth+).
Your rubbery body absorbs attacks. (AC +1, EV +1)
((You are camouflaged near water. (Stealth+)))
You have tentacles for arms and can constrict up to eight enemies at once.


Message History

b - 15 poisoned darts
i - 2 orange potions (gained 1)
Found a stone staircase leading down.
Things that are here:
a +0 leather armour; a +0 whip
b - 16 poisoned darts (gained 1)
Found 3 gold pieces.
b - 18 poisoned darts (gained 2) No target in view!
No target in view!
You now have 111 gold pieces (gained 3).
An orc warrior is nearby!
An orc warrior is nearby!
An orc warrior is nearby!
You throw a poisoned dart. The poisoned dart hits the orc warrior.
The orc warrior is poisoned.
The orc warrior shouts!
You throw a poisoned dart. The poisoned dart hits the orc warrior.
The orc warrior looks even sicker.
You throw a poisoned dart.
The poisoned dart closely misses the orc warrior.
You throw a poisoned dart. The poisoned dart hits the orc warrior.
The orc warrior is lightly wounded.
The orc warrior hits you with a +0 long sword!!
Ouch! That really hurt!
You are too injured to fight recklessly!
You are too injured to fight recklessly!
You are too injured to fight recklessly!
You are too injured to fight recklessly!
You hit the orc warrior but do no damage.
You grab the orc warrior.
The orc warrior is moderately wounded.
You constrict the orc warrior.
The orc warrior hits you with a +0 long sword.
You hit the orc warrior but do no damage.
You squeeze the orc warrior, but do no damage.
The orc warrior is moderately wounded.
You constrict the orc warrior, but do no damage.
The orc warrior hits you with a +0 long sword!
You die...

##.###.#.#
#..........##.####.
#......#.#
#......(.>..[......
########.#
#..........##.####. #.#
#..................
#.#####.......(...#.#.##.
#.##.........(###.#.#....
#.##........(.# #.#.#..##
#.##......(...# .#.#..##
#.......@o....# #.#..##
#############.# #.#..##
.# #.#..## # .#.#...#
#........ ###......
........# ........'
.........#


You could see an orc warrior (very poisoned).

Vanquished Creatures
  A gnoll shaman (D:3)
  An orc wizard (D:3)
  4 gnolls
  3 adders (D:2)
  2 worms (D:2)
  2 dart slugs (D:1)
  4 orcs (D:3)
  4 bats
  3 endoplasms (D:2)
  2 giant cockroaches
  9 goblins
  3 hobgoblins
  2 kobolds
  A quokka (D:1)
  4 ball pythons
  5 frilled lizards
  4 rats
54 creatures vanquished.

Notes
Turn   | Place    | Note
-------+----------+-------------------------------------------
     0 | D:1      | Delamore the Octopode Brigand began the quest for the Orb.
     0 | D:1      | Reached XP level 1. HP: 14/14 MP: 1/1
   114 | D:1      | Reached skill level 6 in Stealth
   114 | D:1      | Reached XP level 2. HP: 2/19 MP: 2/2
   736 | D:1      | Reached XP level 3. HP: 24/24 MP: 3/3
   881 | D:2      | Reached skill level 7 in Stealth
   976 | D:2      | Found a faded altar of an unknown god.
  1036 | D:2      | Reached XP level 4. HP: 3/29 MP: 4/4
  2336 | D:3      | Reached skill level 8 in Stealth
  2561 | D:3      | Reached XP level 5. HP: 20/34 MP: 5/5
  2734 | D:3      | Noticed an orc warrior
  3276 | D:3      | Slain by an orc warrior

Illustrated notes

Levels and vault maps discovered:
D:1:      saegor_arrival_simple_d, layout_rooms
D:2:      layout_loops_cross, shapermc_ecumenical_altar_notcrosses
D:3:      layout_basic

Skill      XL: |  1  2  3  4 |
---------------+-------------+-----
Stealth        | 6 7 8 |  8.9
Fighting       | |  2.0
Short Blades   | |  2.8
Throwing       | |  2.0
Dodging        | |  1.0

Action                   |  1- 3 |  4- 6 || total
-------------------------+-------+-------++-------
Melee: Dagger            |    47 |    42 ||    89
       Tentacles         |     7 |     8 ||    15
       Constrict         |     5 |    13 ||    18
Throw: Dart              |       |    32 ||    32
  Use: Scroll            |       |     2 ||     2
 Stab: Sleeping          |    16 |     3 ||    19
Armor: Skin              |     4 |     5 ||     9
Dodge: Dodged            |    14 |    24 ||    38
